 Dungeon Crawl Stone Soup version 0.25.0-9-g26727b657a (webtiles) character file.

Game seed: 9322590887799526201

3411 MajorAdolf the Skirmisher (level 10, -4/141 HPs)
             Began as a Naga Wanderer on June 20, 2020.
             Was an Initiate of Gozag.
             Slain by a manticore (9 damage)
             ... on level 8 of the Dungeon.
             The game lasted 00:18:59 (11705 turns).

MajorAdolf the Skirmisher (Naga Wanderer)          Turns: 11705, Time: 00:19:00

Health: -4/141     AC: 25    Str: 19    XL:     10   Next: 4%
Magic:  14/14      EV:  1    Int: 17    God:    Gozag
Gold:   99         SH:  9    Dex: 11    Spells: 8/9 levels left

rFire    . . .     SeeInvis +   q - +2 hand axe (elec)
rCold    . . .     Gourm    .   p - +0 kite shield
rNeg     + + +     Faith    .   (armour currently unavailable)
rPois    +         Spirit   .   (helmet currently unavailable)
rElec    .         Reflect  .   (cloak currently unavailable)
rCorr    .         Harm     .   (gloves currently unavailable)
MR       +....     NoTele   +   (no barding)
Stlth    +.........             (no amulet)
HPRegen  0.33/turn              (no ring)
MPRegen  0.14/turn              s - +6 ring of intelligence

@: tree-form (expiring)
A: large, see invisible, slow metabolism 1, spit poison 1, AC +3
a: Spit Poison, Potion Petition, Call Merchant, Bribe Branch, Renounce Religion


You were on level 8 of the Dungeon.
You worshipped Gozag.
Gozag was noncommittal.
You were not hungry.
You were a tree.
You visited 2 branches of the dungeon, and saw 9 of its levels.

You collected 989 gold pieces.
You spent 804 gold pieces at shops.
You paid 86 gold pieces to Gozag.

Inventory:

Hand Weapons
 q - a +2 hand axe of electrocution (weapon)
Missiles
 d - 48 bolts
Armour
 c - a +2 scale mail
 g - a +0 ring mail of fire resistance (melded)
 j - a +2 cloak (melded)
 n - a +0 naga barding (melded)
 p - a +0 kite shield (worn)
Jewellery
 s - a +6 ring of intelligence (right branch)
Wands
 o - a wand of clouds (3)
 r - a wand of random effects (17)
 t - a wand of paralysis (18)
 u - a wand of acid (7)
Scrolls
 a - 3 scrolls of acquirement {unknown}
 b - 9 scrolls of teleportation
 e - 2 scrolls of enchant weapon
 i - 3 scrolls of identify
 v - a scroll of magic mapping
Potions
 h - a potion of cancellation {unknown}
 k - a potion of resistance {unknown}
 l - a potion of lignification
 m - a potion of curing
 x - 2 potions of heal wounds
 z - a potion of magic
Comestibles
 f - 14 rations


   Skills:
 + Level 7.1 Fighting
 + Level 5.1(5.3) Axes
   Level 2.0(3.8) Maces & Flails
   Level 2.6 Crossbows
 - Level 1.0 Throwing
 + Level 5.4 Armour
 + Level 4.3 Dodging
 + Level 3.1 Shields
 + Level 5.3 Evocations


You had 8 spell levels left.
You knew the following spells:

 Your Spells              Type           Power        Failure   Level  Hunger
a - Corona                Hex            #......      63%         1    ##.....

Your spell library contained the following spells:

 Spells                   Type           Power        Failure   Level  Hunger
 Foxfire                  Conj/Fire      #...         63%         1    ##.....
 Corpse Rot               Necr/Air       N/A          77%         2    ###....
 Ensorcelled Hibernation  Hex/Ice        #.....       77%         2    ###....
 Sublimation of Blood     Necr           #.........   77%         2    ###....
 Confusing Touch          Hex            #.......     94%         3    ####...
 Conjure Flame            Conj/Fire      #.......     94%         3    ####...
 Dazzling Flash           Conj/Hex       #.....       94%         3    ####...
 Inner Flame              Hex/Fire       #.......     94%         3    ####...
 Tukima's Dance           Hex            #.......     94%         3    ####...
 Dispel Undead            Necr           #.......     100%        4    #####..
 Sticky Flame             Conj/Fire      #.......     100%        4    #####..
 Agony                    Necr           #.......     100%        5    ######.
 Excruciating Wounds      Chrm/Necr      #.........   100%        5    ######.
 Fireball                 Conj/Fire      #.........   100%        5    ######.


Dungeon Overview and Level Annotations

Branches:
Dungeon (8/15)             Temple (1/1) D:5
   Lair: D:8-11

Altars:
Ashenzari
Cheibriados
Dithmenos
Elyvilon
Fedhas
Gozag
Hepliaklqana
Kikubaaqudgha
Makhleb
Nemelex Xobeh
Okawaru
Ru
Sif Muna
Trog
Uskayaw
Vehumet
Xom
Yredelemnul
Zin
The Shining One

Shops:
D:6 !   D:8 (=}(*

Annotations:
D:4 2 transporters, ZZKoverts's ghost, novice GrFi
D:5 Prince Ribbit


Innate Abilities, Weirdness & Mutations

You cannot wear boots.
((Your serpentine skin is tough. (AC +3)))
You have supernaturally acute eyesight. (SInv)
((Armour fits poorly on your strangely shaped body.))
((Your system is resistant to poisons. (rPois)))
((You cover ground very slowly.))
You have a slow metabolism.
You can spit poison.


Message History

* * * LOW HITPOINT WARNING * * *
The two-headed ogre hits you with a +0 giant club.
* * * LOW HITPOINT WARNING * * *
The manticore bites you.
* * * LOW HITPOINT WARNING * * *
The manticore claws you.
* * * LOW HITPOINT WARNING * * *
The manticore claws you!
* * * LOW HITPOINT WARNING * * *
You barely miss the two-headed ogre.
The two-headed ogre is severely wounded.
You hit the manticore but do no damage. You hit the manticore.
Lightning courses through the manticore!
Your transformation is almost over.
The manticore bites you.
* * * LOW HITPOINT WARNING * * *
The manticore claws you but does no damage.
You block the manticore's attack. The manticore bites you!
You die...
Your body crumbles into a pile of gold.

##### ##...##
#.....# .....##
....##
#############
....##
#...#........
#....#
##.##(........
.....#
#..#(...........
....##
##.##♣O.......c..#
..)..##
#..#$HH######## .Z
......# ##.##..##
.8.##..## ....###
#..#..## .a.. ..#
((.∩.######.##.#
#..##.##
.....##.....#..
#Zc#..#
.....#..#####.#
#$#s.#
.........##.#.
#h(#.#
...>...(....# $
#$H#.#


You could see a two-headed ogre and 2 manticores.

Vanquished Creatures
  Joseph (D:8)
  A hippogriff (D:8)
  A hungry ghost (D:7)
  A water moccasin (D:5)
  2 sky beasts
  An ice beast (D:7)
  A phantom (D:6)
  5 centaurs
  5 ogres
  A crocodile (D:8)
  3 scorpions
  4 killer bees (D:8)
  4 crimson imps
  A bullfrog zombie (D:6)
  A centaur zombie (D:6)
  A hound (D:6)
  3 orc priests
  A centaur skeleton (D:8)
  A jelly (D:8)
  A bullfrog skeleton (D:6)
  An iguana (D:5)
  Natasha (thrice) (D:3)
  5 orc wizards
  4 worker ants
  2 worker ant zombies
  10 gnolls
  A howler monkey skeleton (D:6)
  7 adders
  An ooze (D:1)
  A worm (D:5)
  3 dart slugs
  A leopard gecko (D:1)
  17 orcs
  2 bats
  2 giant cockroaches (D:1)
  10 hobgoblins
  16 jackals
  A quokka (D:4)
  4 frilled lizards
  6 goblins
  7 kobolds
  5 rats
148 creatures vanquished.

Notes
Turn   | Place    | Note
-------+----------+-------------------------------------------
     0 | D:1      | MajorAdolf the Naga Wanderer began the quest for the Orb.
     0 | D:1      | MajorAdolf set off with the following items: a +0 hand
                  | crossbow, a scroll of teleportation, a +2 scale mail, 26
                  | bolts, a ration
     0 | D:1      | Reached XP level 1. HP: 19/19 MP: 1/1
   468 | D:1      | Found a shattered altar of Ashenzari.
   506 | D:1      | Reached XP level 2. HP: 24/27 MP: 2/2
  1025 | D:1      | Reached skill level 3 in Fighting
  1025 | D:1      | Reached XP level 3. HP: 22/34 MP: 3/3
  1890 | D:2      | Reached XP level 4. HP: 37/42 MP: 4/4
  2178 | D:3      | Noticed Natasha
  2313 | D:3      | Killed Natasha
  2418 | D:3      | Noticed Natasha
  2441 | D:3      | Killed Natasha
  2441 | D:3      | Reached skill level 4 in Fighting
  2441 | D:3      | Reached XP level 5. HP: 27/50 MP: 5/5
  2922 | D:3      | Noticed Natasha
  2929 | D:3      | Killed Natasha
  3138 | D:3      | Found a sparkling altar of Nemelex Xobeh.
  3918 | D:4      | Reached XP level 6. HP: 57/58 MP: 6/6
  4125 | D:4      | Found an ancient bone altar of Kikubaaqudgha.
  4290 | D:4      | Found a transporter.
  4306 | D:4      | Found a transporter.
  4306 | D:4      | Noticed ZZKoverts's ghost (novice GrFi)
  4861 | D:5      | Entered Level 5 of the Dungeon
  4893 | D:5      | Noticed a sky beast
  4915 | D:5      | Killed a sky beast
  4915 | D:5      | Reached skill level 1 in Axes
  4915 | D:5      | Reached skill level 1 in Dodging
  5053 | D:5      | Found a staircase to the Ecumenical Temple.
  5070 | Temple   | Entered the Ecumenical Temple
  5285 | Temple   | Became a worshipper of Gozag Ym Sagoz the Greedy
  5420 | D:5      | Noticed Prince Ribbit
  5444 | D:5      | HP: 3/90 [Prince Ribbit (8)]
  5454 | D:5      | HP: 2/90 [Prince Ribbit (11)]
  5720 | D:5      | Reached XP level 7. HP: 48/66 MP: 8/8
  5878 | D:5      | Reached skill level 5 in Fighting
  6351 | D:6      | Found Ytoimi's Distillery.
  6355 | D:6      | Bought a potion of berserk rage for 55 gold pieces
  6355 | D:6      | Bought a potion of curing for 33 gold pieces
  6761 | D:6      | Found an iron altar of Okawaru.
  6763 | D:6      | Found a bloodstained altar of Trog.
  6771 | D:6      | Found a snail-covered altar of Cheibriados.
  6776 | D:6      | Learned a level 1 spell: Corona
  6846 | D:6      | Reached XP level 8. HP: 32/75 MP: 10/10
  8128 | D:6      | Reached skill level 6 in Fighting
  8217 | D:6      | Found a blossoming altar of Fedhas.
  8911 | D:7      | Reached skill level 1 in Shields
  8911 | D:7      | Reached XP level 9. HP: 55/82 MP: 12/12
  9711 | D:8      | Found Guonn's Weapon Boutique.
  9724 | D:8      | Reached skill level 5 in Armour
  9761 | D:8      | Noticed Joseph
 10599 | D:8      | Killed Joseph
 10732 | D:8      | Reached skill level 5 in Evocations
 10762 | D:8      | Found Mask's Weapon Emporium.
 11038 | D:8      | Found Jaang's Assorted Antiques.
 11049 | D:8      | Bought a sapphire potion for 18 gold pieces
 11049 | D:8      | Bought a fuming cyan potion for 18 gold pieces
 11113 | D:8      | Found Founejol's Gadget Boutique.
 11123 | D:8      | Bought a wand of clouds (3) for 336 gold pieces
 11123 | D:8      | Bought a wand of random effects (17) for 152 gold pieces
 11123 | D:8      | Bought a wand of paralysis (10) for 192 gold pieces
 11142 | D:8      | Found Boyddir's Jewellery Shoppe.
 11290 | D:8      | Noticed a manticore
 11461 | D:8      | Reached skill level 7 in Fighting
 11461 | D:8      | Reached skill level 5 in Axes
 11665 | D:8      | Reached XP level 10. HP: 89/94 MP: 13/13
 11668 | D:8      | Identified the cursed +1 robe of Xom's Condemnation {-Cast
                  | rCorr Str+5}
 11688 | D:8      | Noticed a two-headed ogre
 11696 | D:8      | Noticed a manticore
 11705 | D:8      | HP: 5/141 [manticore (3)]
 11705 | D:8      | Slain by a manticore

Illustrated notes

Levels and vault maps discovered:
D:1:      dpeg_arrival_stone_temple_mockup, layout_basic, minivault_11,
          kennysheep_flooded_box, minmay_misc_feat_more_columns,
          evilmike_ruin_ashenzari
D:2:      layout_rooms
D:3:      layout_rooms, nemelex_altar_shiori, minmay_misc_feat_room,
          kennysheep_decorative_pillar, uniq_natasha
D:4:      layout_loops_ring, kennysheep_mini_moat, gammafunk_ghost_mausoleum
D:5:      layout_basic, kennysheep_little_box, minmay_temple_entry_offerings,
          first_ration, uniq_grinder, uniq_prince_ribbit1
D:6:      layout_basic, marbit_many_paths, grunt_temple_overflow_open,
          serial_shops, nicolae_shop_stone
D:7:      layout_loops_cross, grunt_ogre_cave, centaur_isle
D:8:      layout_cave_pools, serial_shops, shop,
          nicolae_shop_competitors_out_of_business, kennysheep_mini,
          nicolae_shop_stone, shop, nzn_random_ring, uniq_joseph
Temple:   nicolae_temple_figure_eight

Skill      XL: |  1  2  3  4  5  6  7  8  9 |
---------------+----------------------------+-----
Fighting       | 3 4 5 6 7 |  7.1
Armour         | 2 3 4 5 |  5.4
Axes           | 1 2 3 5 |  5.1
Dodging        | 1 2 3 4 |  4.3
Evocations     | 2 4 5 |  5.3
Shields        | 1 3 |  3.1
Maces & Flails | |  2.0
Crossbows      | |  2.6
Throwing       | |  1.0

Action                   |  1- 3 |  4- 6 |  7- 9 | 10-12 || total
-------------------------+-------+-------+-------+-------++-------
Melee: Short sword       |   134 |    80 |       |       ||   214
       Dagger            |       |    22 |       |       ||    22
       Spear             |       |    29 |       |       ||    29
       Hand axe          |       |    65 |   416 |    22 ||   503
 Fire: Hand crossbow     |    15 |       |       |       ||    15
 Abil: Spit Poison       |     6 |    32 |    10 |       ||    48
  Use: Potion            |       |     5 |     1 |     1 ||     7
       Scroll            |       |     2 |    15 |       ||    17
 Stab: Distracted        |       |       |     2 |       ||     2
  Eat: Chunk             |     2 |     9 |       |       ||    11
       Ration            |       |     1 |     5 |       ||     6
Armor: Scale mail        |   108 |   122 |   222 |       ||   452
       Skin              |       |     8 |       |    13 ||    21
       Ring mail         |       |       |    41 |     8 ||    49
Dodge: Dodged            |    58 |    96 |   168 |     5 ||   327
Block: Kite shield       |       |       |    66 |    23 ||    89
